 Dungeon Crawl Stone Soup version 0.18.1-50-g88ac8fd (webtiles) character file.

68359 varam the Imperceptible (level 14, -8/77 HPs)
             Began as a Spriggan Enchanter on Oct 17, 2016.
             Was an Initiate of Gozag.
             Killed from afar by Maud the hell hog (31 damage)
             ... with a fireball
             ... on level 11 of the Dungeon on Oct 18, 2016.
             The game lasted 02:01:22 (33831 turns).

varam the Imperceptible (Spriggan Enchanter)       Turns: 33831, Time: 02:01:23

Health: -8/77      AC: 10    Str: 11    XL:     14   Next: 86%
Magic:  3/25       EV: 31    Int: 19    God:    Gozag
Gold:   4667       SH:  0    Dex: 18    Spells: 6 memorised, 9 levels left

rFire  . . .     SeeInvis +     s - +2 dagger (venom)
rCold  . . .     Gourm    .     b - +2 robe {Archmagi}
rNeg   . . .     Faith    .     (shield restricted)
rPois  .         Spirit   .     (helmet restricted)
rElec  .         Dismiss  +     H - +2 cloak
rCorr  .         Reflect  .     (gloves unavailable)
SustAt .         Harm     .     (boots unavailable)
MR     ++...                    Z - amulet of dismissal
Stlth  +++++++++.               S - +6 ring of strength
                                a - +3 ring of protection

@: very quick, very resistant to hostile enchantments, incredibly stealthy
A: unfitting armour, see invisible, herbivore 3, speed 3, slow metabolism 2
a: Potion Petition, Call Merchant, Bribe Branch, Renounce Religion


You were on level 11 of the Dungeon.
You worshipped Gozag.
Gozag was noncommittal.
You were not hungry.

You visited 3 branches of the dungeon, and saw 21 of its levels.
You also visited: Labyrinth, Sewer and Volcano.

You collected 7126 gold pieces.
You spent 1607 gold pieces at shops.
You paid 852 gold pieces to Gozag.

Inventory:

Hand Weapons
 s - a +2 dagger of venom (weapon)
 z - a +1 rapier of flaming
Missiles
 u - 542 stones (quivered)
Armour
 b - a +2 robe of the Archmagi (worn)
 C - a +2 robe of fire resistance
 H - a +2 cloak (worn)
Jewellery
 a - a +3 ring of protection (left hand)
 I - an uncursed ring of protection from fire
 S - a +6 ring of strength (right hand)
 T - an uncursed amulet of magic regeneration
 Z - an amulet of dismissal (around neck)
Wands
 g - a wand of flame (24/48)
 r - a wand of digging (5/24)
 v - a wand of lightning (3/15)
 K - a wand of polymorph (4/24)
 L - a wand of slowing (24/48)
 M - a wand of lightning (4/15)
 P - a wand of paralysis (7/24)
 W - a wand of flame (24/48)
Scrolls
 d - a scroll of identify
 e - 7 scrolls of teleportation
 f - 5 scrolls of fear
 h - 4 scrolls of fog
 p - 2 scrolls of magic mapping
 A - 4 scrolls of remove curse
 N - a scroll of blinking
Potions
 i - a potion of haste
 n - 3 potions of cancellation
 o - 4 potions of heal wounds
 t - 2 potions of invisibility
 E - a potion of agility
 J - 3 potions of curing
 Q - a potion of might {unknown}
Miscellaneous
 c - a fan of gales
 Y - a stone of tremors
Comestibles
 D - 26 fruits
 V - 5 slices of pizza


   Skills:
 - Level 10.0 Fighting
 - Level 10.7 Short Blades
 - Level 15.0 Dodging
 * Level 21.3 Stealth
 - Level 6.6 Spellcasting
 - Level 10.2 Hexes
 + Level 9.8 Evocations


You had 9 spell levels left.
You knew the following spells:

 Your Spells              Type           Power        Failure   Level  Hunger
a - Ensorcelled Hibernat  Hex/Ice        #####.       1%          2    None
c - Confuse               Hex            ######..     1%          3    ##.....
d - Dazzling Spray        Conj/Hex       #####.       4%          3    ##.....
e - Gell's Gravitas       Hex/Tloc       #####.....   4%          3    ##.....
f - Cause Fear            Hex            ######....   1%          4    ####...
g - Slow                  Hex            ######..     1%          2    None


Dungeon Overview and Level Annotations

Branches:
Dungeon (12/15)            Temple (1/1) D:5            Lair (8/8) D:8
  Swamp (0/4) Lair:5        Snake (0/4) Lair:3        Slime (0/6) Lair:7
    Orc (0/2) D:11

Altars:
Ashenzari
Cheibriados
Dithmenos
Elyvilon
Fedhas
Gozag
Kikubaaqudgha
Makhleb
Nemelex Xobeh
Okawaru
Qazlal
Ru
Sif Muna
Trog
Vehumet
Yredelemnul
Zin
The Shining One
Beogh

Shops:
D:7 !   D:10 *   Lair:7 *

Annotations:
D:11 Maud; lorenzova's ghost, journeyman DECj


Innate Abilities, Weirdness & Mutations

You are tiny and cannot use many weapons and most armour.
You have supernaturally acute eyesight.
You are a herbivore.
You cover ground extremely quickly.
You need consume almost no food.


Message History

Maud evaporates and reforms as a hell hog!
This wand has 4 charges left.
Maud breathes fire at you.
The fireball explodes!
The fireball engulfs you!
Ouch! That really hurt!
Maud breathes fire at you.
The fireball explodes!
The fireball engulfs you!
* * * LOW HITPOINT WARNING * * *
The fireball engulfs Maud.
Maud resists.
You are too injured to fight recklessly!
Drink which item? (? for menu, Esc to quit)
You feel much better. Maud breathes fire at you.
The fireball explodes!
The fireball engulfs you!
* * * LOW HITPOINT WARNING * * *
The fireball engulfs Maud.
Maud resists.
Maud breathes fire at you.
The fireball explodes!
The fireball engulfs you!
You die...
Your body crumbles into a pile of gold.

####'##
#..#
###.#####
#.......#
#.#####....
#.....# ##
#####.###
#...#...#
#.#.#.#@#
#.#...#.#
#.#####.#
#.....h.#
##.######
#.## #..#
##)# #.#


You could see Maud the hell hog.

Vanquished Creatures
  Nessos (Lair:7)
  A minotaur (Lab)
  5 hydras
  An ice dragon (Lair:8)
  The ghost of Krapule the Martial Artist, a journeyman TeMo of Cheibriados (D:11)
  14 death yaks
  Sonja (Lair:4)
  A fire crab (Lair:8)
  2 unseen horrors
  An orc knight (D:11)
  2 lindwurms (Lair:8)
  5 hill giants
  A deep elf mage (Volcano)
  A griffon (Lair:7)
  An oklob plant (Lair:3)
  21 elephants
  4 black mambas
  16 spiny frogs
  6 torpor snails (Lair:8)
  7 komodo dragons
  4 rime drakes
  2 minotaur zombies (Lab)
  A troll (D:8)
  9 blink frogs
  5 giant leeches (Lair:8)
  A two-headed ogre (D:8)
  4 polar bears
  A boulder beetle (Lair:7)
  A redback (Lab)
  61 yaks
  4 wyverns
  3 fire bats (Lair:4)
  2 hogs (Volcano)
  3 hungry ghosts
  5 basilisks
  12 hippogriffs
  A hell hound (Volcano)
  20 water moccasins
  11 porcupines
  8 black bears
  2 ice beasts
  2 phantoms
  A sky beast (D:11)
  4 orc warriors
  5 wasps
  9 wolves
  9 ogres
  14 crocodiles
  4 centaurs
  2 big kobolds
  Blork the orc (D:6)
  17 giant frogs
  2 wyvern skeletons
  3 killer bees
  A water moccasin skeleton (D:4)
  5 wights (D:11)
  5 electric eels
  3 howler monkeys (D:7)
  3 crimson imps
  A giant frog zombie (D:5)
  A quasit (D:10)
  4 orc wizards
  7 orc priests
  2 centaur skeletons
  11 hounds
  13 iguanas
  9 worker ants
  40 sheep
  A worker ant zombie (D:10)
  2 howler monkey skeletons (D:8)
  8 gnolls (D:6)
  10 adders
  56 river rats
  5 shadow imps (D:10)
  6 oozes
  2 adder skeletons
  20 worms
  A dart slug (D:1)
  4 giant geckos
  36 orcs
  3 ball pythons
  17 bats
  7 giant cockroaches
  3 goblins
  5 hobgoblins
  20 jackals
  4 quokkas
  A giant gecko skeleton (D:6)
  12 giant newts
  A jackal zombie (D:7)
  23 kobolds
  8 rats
  A spectral orc (D:4)
  2 butterflies (D:5)
  A plant (Lair:8)
689 creatures vanquished.

Vanquished Creatures (others)
  An orc warrior (Volcano)
  An adder skeleton (D:8)
  A jackal (D:8)
  23 fungi
  12 plants
38 creatures vanquished.

Grand Total: 727 creatures vanquished

Notes
Turn   | Place    | Note
--------------------------------------------------------------
     0 | D:1      | varam the Spriggan Enchanter began the quest for the Orb.
     0 | D:1      | Reached XP level 1. HP: 9/9 MP: 5/5
   705 | D:1      | Reached skill level 5 in Stealth
   705 | D:1      | Reached XP level 2. HP: 7/13 MP: 4/6
   709 | D:1      | Learned a level 2 spell: Ensorcelled Hibernation
  1936 | D:1      | Reached XP level 3. HP: 16/16 MP: 2/8
  2725 | D:2      | Found a glowing golden altar of the Shining One.
  2749 | D:2      | Reached skill level 6 in Stealth
  2877 | D:2      | Found a burning altar of Makhleb.
  2877 | D:2      | Noticed a green death
  2948 | D:2      | Found a sparkling altar of Nemelex Xobeh.
  3076 | D:2      | Reached XP level 4. HP: 21/21 MP: 5/9
  3502 | D:3      | Found a glowing drain.
  3528 | Sewer    | Entered a sewer
  3569 | Sewer    | Learned a level 3 spell: Confuse
  3972 | Sewer    | Reached skill level 7 in Stealth
  4252 | D:3      | Reached XP level 5. HP: 24/24 MP: 1/10
  5046 | D:4      | Noticed an ogre
  5421 | D:4      | Killed an ogre
  5421 | D:4      | Reached skill level 8 in Stealth
  5421 | D:4      | Reached XP level 6. HP: 28/28 MP: 1/11
  5457 | D:4      | Found a basalt altar of Yredelemnul.
  5542 | D:5      | Entered Level 5 of the Dungeon
  5599 | D:5      | Reached skill level 5 in Short Blades
  5756 | D:5      | Found a blossoming altar of Fedhas.
  5823 | D:5      | Found a radiant altar of Vehumet.
  5826 | D:5      | HP: 1/28 [centaur/arrow (7)]
  5847 | D:5      | Found a staircase to the Ecumenical Temple.
  6007 | D:5      | Reached skill level 9 in Stealth
  6126 | D:5      | Reached XP level 7. HP: 20/32 MP: 3/12
  6344 | Temple   | Entered the Ecumenical Temple
  6396 | Temple   | Became a worshipper of Gozag Ym Sagoz the Greedy
  7675 | D:6      | Noticed Blork the orc
  7737 | D:6      | Killed Blork the orc
  8281 | D:6      | Reached skill level 5 in Hexes
  8376 | D:6      | Found a sparkling altar of Nemelex Xobeh.
  8445 | D:7      | Noticed a hungry ghost
  8461 | D:7      | Killed a hungry ghost
  8486 | D:7      | Found Neqo's Distillery.
  8491 | D:7      | Bought a potion of curing for 30 gold pieces
  8491 | D:7      | Bought a potion of invisibility for 80 gold pieces
  8491 | D:7      | Bought a potion of heal wounds for 50 gold pieces
  8736 | D:6      | Reached XP level 8. HP: 28/36 MP: 4/15
  8913 | D:7      | Reached skill level 1 in Fighting
  9433 | D:7      | Reached skill level 5 in Dodging
 10343 | D:7      | Reached XP level 9. HP: 41/44 MP: 12/16
 10453 | D:8      | Noticed an unseen horror
 10592 | D:8      | Found a staircase to the Lair.
 10799 | D:8      | Noticed a troll
 10821 | D:8      | Killed a troll
 11336 | D:8      | Reached skill level 10 in Stealth
 12203 | D:8      | Killed an unseen horror
 12203 | D:8      | Reached XP level 10. HP: 49/49 MP: 4/17
 12744 | D:9      | Reached skill level 11 in Stealth
 12796 | D:9      | Found an iron altar of Okawaru.
 13083 | D:9      | Found an ancient bone altar of Kikubaaqudgha.
 13290 | D:10     | Entered Level 10 of the Dungeon
 13330 | D:10     | Found Iplicrysh's Assorted Antiques.
 13731 | D:10     | Reached skill level 5 in Spellcasting
 13792 | D:10     | Noticed a hill giant
 13808 | D:10     | Killed a hill giant
 13808 | D:10     | Reached skill level 5 in Fighting
 13934 | D:10     | Noticed a hill giant
 13935 | D:10     | Killed a hill giant
 13935 | D:10     | Reached skill level 12 in Stealth
 14487 | D:10     | Noticed a hill giant
 14493 | D:10     | Killed a hill giant
 14606 | D:11     | Noticed a hill giant
 14624 | D:11     | Killed a hill giant
 14624 | D:11     | Reached XP level 11. HP: 58/58 MP: 13/21
 14880 | D:11     | Noticed lorenzova's ghost (journeyman DECj)
 14943 | D:11     | Found a roughly hewn altar of Beogh.
 14943 | D:11     | Noticed an orc knight
 14946 | D:11     | Noticed an unseen horror
 15154 | Lair:1   | Entered Level 1 of the Lair of Beasts
 15788 | Lair:1   | Learned a level 3 spell: Dazzling Spray
 15792 | Lair:1   | Learned a level 3 spell: Gell's Gravitas
 15797 | Lair:1   | Learned a level 4 spell: Cause Fear
 15845 | Lair:1   | Reached skill level 10 in Hexes
 16341 | Lair:1   | Reached skill level 10 in Short Blades
 16410 | Lair:1   | Reached skill level 10 in Dodging
 16761 | Lair:1   | Reached skill level 13 in Stealth
 17853 | Lair:3   | Noticed a five-headed hydra
 18206 | Lair:2   | Reached XP level 12. HP: 61/62 MP: 4/23
 18432 | Lair:2   | Killed a five-headed hydra
 18432 | Lair:2   | Reached skill level 14 in Stealth
 18529 | Lair:3   | Found a staircase to the Snake Pit.
 19612 | Lair:3   | Learned a level 2 spell: Slow
 20237 | Lair:5   | Found a labyrinth entrance.
 20246 | Lab      | Entered a labyrinth
 20510 | Lab      | Noticed a minotaur
 20534 | Lab      | Killed a minotaur
 20534 | Lab      | Reached skill level 15 in Stealth
 20717 | Lair:5   | Found a dark tunnel.
 20725 | Volcano  | Entered a volcano
 21586 | Lair:5   | Found a staircase to the Swamp.
 22275 | Lair:4   | Noticed Sonja
 22285 | Lair:4   | Killed Sonja
 22285 | Lair:4   | Reached skill level 15 in Dodging
 22285 | Lair:4   | Reached XP level 13. HP: 68/68 MP: 24/24
 22798 | Lair:4   | Reached skill level 1 in Evocations
 23158 | Lair:6   | Reached skill level 16 in Stealth
 24709 | Lair:7   | Reached skill level 17 in Stealth
 26008 | Lair:7   | Noticed Nessos
 26015 | Lair:7   | Killed Nessos
 26016 | Lair:7   | Found a staircase to the Slime Pits.
 27407 | Lair:7   | Reached skill level 5 in Evocations
 27994 | Lair:7   | Reached skill level 18 in Stealth
 28542 | Lair:7   | Reached skill level 10 in Fighting
 28542 | Lair:7   | Reached XP level 14. HP: 76/77 MP: 16/25
 29042 | Lair:8   | Entered Level 8 of the Lair of Beasts
 29561 | Lair:8   | Reached skill level 19 in Stealth
 30177 | Lair:8   | Found a runed door.
 31160 | Lair:8   | Reached skill level 20 in Stealth
 32517 | Lair:7   | Bought a wand of flame for 28 gold pieces
 32517 | Lair:7   | Bought a stone of tremors for 1120 gold pieces
 32517 | Lair:7   | Bought a small platinum amulet for 140 gold pieces
 32517 | Lair:7   | Bought a potion of heal wounds for 140 gold pieces
 32517 | Lair:7   | Bought an embroidered robe for 19 gold pieces
 33039 | Lair:6   | Reached skill level 21 in Stealth
 33346 | D:11     | Noticed Krapule's ghost (journeyman TeMo)
 33370 | D:11     | Killed Krapule's ghost
 33452 | D:11     | Found a staircase to the Orcish Mines.
 33786 | D:11     | Noticed Maud
 33820 | D:11     | Noticed Maud
 33820 | D:11     | Maud changed into Maud the hell hog
 33831 | D:11     | Killed from afar by Maud the hell hog

Skill      XL: |  1  2  3  4  5  6  7  8  9 10 11 12 13 14 |
---------------+-------------------------------------------+-----
Stealth        | 5 6 7 8 9 10 12 13 15 18 21 | 21.3
Short Blades   | 2 3 4 5 8 10 | 10.7
Hexes          | 6 8 10 | 10.2
Spellcasting   | 4 6 |  6.6
Fighting       | 3 4 6 7 10 | 10.0
Dodging        | 6 9 11 15 | 15.0
Evocations     | 5 9 |  9.8

Action                   |  1- 3 |  4- 6 |  7- 9 | 10-12 | 13-15 || total
-------------------------+-------+-------+-------+-------+-------++-------
Melee: Dagger            |    72 |       |       |   436 |   831 ||  1339
       Short sword       |    45 |   165 |   379 |   142 |       ||   731
       Rapier            |       |       |       |    77 |   176 ||   253
Throw: Stone             |       |       |     6 |     4 |     3 ||    13
 Cast: Corona            |    10 |       |       |       |       ||    10
       Ensorcelled Hiber |    33 |    25 |    24 |    24 |    12 ||   118
       Confuse           |       |    21 |   109 |   159 |   185 ||   474
       Dazzling Spray    |       |       |       |    19 |    91 ||   110
       Cause Fear        |       |       |       |     1 |    21 ||    22
       Gell's Gravitas   |       |       |       |       |    11 ||    11
       Slow              |       |       |       |       |    11 ||    11
Invok: Call Merchant     |       |       |       |       |     1 ||     1
Evoke: Wand              |       |       |     5 |     5 |    23 ||    33
  Use: Scroll            |       |     4 |       |    19 |     4 ||    27
       Potion            |       |     2 |     1 |     1 |     1 ||     5
 Stab: Sleeping          |    29 |    34 |    21 |    71 |    42 ||   197
       Confused          |       |    11 |    53 |    95 |   106 ||   265
       Distracted        |       |       |       |     4 |     6 ||    10
       Invisible         |       |       |       |     7 |    32 ||    39
       Fleeing           |       |       |       |       |     3 ||     3
  Eat: Bread ration      |     1 |     1 |     2 |     3 |     3 ||    10
       Pizza             |       |       |     2 |     1 |       ||     3
       Royal jelly       |       |       |       |     1 |     1 ||     2
Armor: Robe              |    18 |    21 |    45 |    27 |    23 ||   134
Dodge: Dodged            |   123 |   109 |   327 |   314 |   639 ||  1512
